 Dungeon Crawl Stone Soup version 0.28-a0-1152-g9c71ebef14 (webtiles) character file.

Game seed: 17231208480916920476

10 spaghetti the Sneak (level 2, -2/21 HPs)
             Began as an Octopode Delver on Dec 14, 2021.
             Slain by a black bear (4 damage)
             ... on level 4 of the Dungeon.
             The game lasted 00:01:01 (530 turns).

spaghetti the Sneak (Octopode Delver)                Turns: 530, Time: 00:01:02

Health: -2/21      AC:  1    Str: 11    XL:     2   Next: 20%
Magic:  2/2        EV: 13    Int: 12    God:
Gold:   11         SH:  0    Dex: 13    Spells: 1/1 levels left

rFire   . . .      SeeInvis .   a - +0 short sword {short}
rCold   . . .      Faith    .   (no shield)
rNeg    . . .      Spirit   .   (helmet restricted)
rPois   .          Reflect  .   (no amulet)
rElec   .          Harm     .   (no ring)
rCorr   .          Rampage  .   (no ring)
Will    .....                   (no ring)
Stlth   ++++......              (no ring)
HPRegen 0.07/turn               (no ring)
MPRegen 0.08/turn               (no ring)
                                (no ring)
                                (no ring)

@: hasted, very quick
A: almost no armour, amphibious, 8 rings, camouflage 1, gelatinous body 1,
(nimble swimmer 1), tentacles
a: no special abilities


You were on level 4 of the Dungeon.
You visited 1 branch of the dungeon, and saw 4 of its levels.

You collected 11 gold pieces.


Innate Abilities, Weirdness & Mutations

You cannot wear most types of armour.
You are amphibious.
You can wear up to eight rings at the same time.
Your skin changes colour to match your surroundings (Stealth+).
Your rubbery body absorbs attacks. (AC +1, EV +1)
((You are camouflaged near water. (Stealth+)))
You have tentacles for arms and can constrict up to eight enemies at once.


   Skills:
 - Level 3.0 Fighting
 - Level 2.0 Short Blades
 - Level 2.0 Dodging
 + Level 7.3 Stealth


You had one spell level left.
You didn't know any spells.
Your spell library was empty.

Inventory:

Hand Weapons
 a - a +0 short sword (weapon) {short}
Missiles
 d - 18 stones (quivered) {throwing}
 g - 29 sling bullets
Wands
 f - a wand of digging (3)
Scrolls
 b - a scroll of fog
 c - a scroll of fear

Dungeon Overview and Level Annotations

Branches:
Dungeon (6/15)
 Temple: D:4-7

Altars:

###..## ......##
..<....##..
.......h..#
.........##
..>.......#
............##
.....>.........###
...........)....@#
.......###......h...#
......##
#####.........#
...<..# #####......
.....## ##.).. ....##
###. ....# ..#.#
.##.#


You could see a black bear.


Message History

😮 HP[+1]
You hear the slow rusting of a drain very nearby.
You open the door. The river rat bites you. 😮 HP[-1]
You take 1 damage, and now have 14/21 hp.
There is an open door here.
There is a stone staircase leading down here.
The river rat barely misses you.
You climb downwards.
The iguana hisses angrily.
There is a stone staircase leading up here.
Unknown command.
Unknown command.
Unknown command. 😮 HP[+1]
The river rat bites you.
* * * LOW HITPOINT WARNING * * *
😨 HP[-5]
You take 5 damage, and now have 10/21 hp.
MASSIVE DAMAGE!! (PAUSE)
The black bear growls angrily.
There is a stone staircase leading down here.
Okay, then.
As you read the scroll of fear, it crumbles to dust.
You assume a fearsome visage.
The iguana looks frightened!
The black bear looks frightened!
The river rat looks frightened! 😮 HP[+1]
There is a stone staircase leading up here.
You climb upwards.
You hear the sound of rushing water.
There is an entrance to a sewer on this level.
Hurry and find it before the portal rusts away!
There is a stone staircase leading down here.
Unknown command.
Unknown command.
You start resting.
You hear the slow rusting of a very distant drain.
You hear the slow rusting of a very distant drain.
You hear the slow rusting of a very distant drain. 😎 HP[+10]
Your hp is fully restored (21).
Unknown command.
c - a scroll of fear You hear the rusting of a very distant drain.
You open the door.
There is an open door here.
d - 18 stones {throwing}
g - 29 sling bullets Key pressed, stopping explore.
Unknown command.
h - a bubbling orange potion It was a potion of brilliance.
You feel clever all of a sudden.
You open the door.
There is an open door here.
You hear the rusting of a very distant drain.
You feel a little less clever now.
A worm comes into view.
A worm is nearby!
The helpless worm fails to defend itself.
You impale the worm!!
You kill the worm!
No target in view!
No target in view!
No target in view!
No target in view!
No target in view!
No target in view!
No target in view!
No target in view!
No target in view!
No target in view!
No target in view!
No target in view!
No target in view!
No target in view!
No target in view!
You see here a worm corpse.
You see here a worm corpse.
You hear the brisk rusting of a very distant drain.
You open the door.
Key pressed, stopping explore.
Unknown command.
There is an open door here.
There is an open door here.
You hear the brisk rusting of a drain nearby.
A sourceless malevolence fills the Dungeon...
You fall into a shaft and drop 1 floor!
The shaft crumbles and collapses.
The black bear bites you. The black bear claws you.
The black bear claws you but does no damage. 😮 HP[-9]
You take 9 damage, and now have 12/21 hp.
MASSIVE DAMAGE!! (PAUSE) Unknown command.
You feel yourself speed up. The black bear bites you!
* * * LOW HITPOINT WARNING * * *
The black bear claws you.
* * * LOW HITPOINT WARNING * * *
The black bear claws you.
You die...

Skill      XL: |  1 |
---------------+----+-----
Stealth        | 7 |  7.3
Fighting       | |  3.0
Short Blades   | |  2.0
Dodging        | |  2.0

Action                   || total
-------------------------++-------
Melee: Short sword       ||     6
       Tentacles         ||     2
       Constrict         ||     1
  Use: Scroll            ||     3
       Potion            ||     2
 Stab: Sleeping          ||     3
Armor: Skin              ||     1
Dodge: Dodged            ||     3

Levels and vault maps discovered:
D:3:      layout_loops_corners, minmay_overflow_temple_star_quad,
          chequers_ecumenical_altar_twisty, gup_sewer_entry_bowl
D:4:      layout_cave_pods, minmay_temple_entry_butterflies
D:5:      layout_loops_cross, kennysheep_generic_room_3
D:6:      layout_cave_pools, trog_hazing_becter, gammafunk_ghost_nasty_kobolds,
          uniq_prince_ribbit1

Notes
Turn   | Place    | Note
-------+----------+-------------------------------------------
     0 | D:5      | spaghetti the Octopode Delver began the quest for the Orb.
     0 | D:5      | Reached XP level 1. HP: 16/16 MP: 1/1
     0 | D:5      | magus.rc [v1.9.6]
     1 | D:6      | Noticed a centaur
   106 | D:4      | Noticed a black bear
   113 | D:4      | Noticed a scorpion
   131 | D:3      | Reached skill level 7 in Stealth
   133 | D:3      | Reached XP level 2. HP: 21/21 MP: 2/2
   529 | D:3      | You fall into a shaft and drop 1 floor!
   530 | D:4      | HP: 4/21 [black bear (8)]
   530 | D:4      | Slain by a black bear

Vanquished Creatures
  2 worms (D:3)
  A dart slug (D:3)
  A bat (D:3)
4 creatures vanquished.

Table legend:
 A = Non-vault XP
 B = Vault XP
 C = Vault XP percentage of total XP
 D = Non-vault monster count
 E = Vault monster count
 F = Vault count percentage of total count
                 A         B        C        D         E       F
            +---------+---------+-------+---------+---------+-------
      Total |      15 |       0 |   0.0 |       4 |       0 |   0.0
            +---------+---------+-------+---------+---------+-------
        D:3 |      15 |       0 |   0.0 |       4 |       0 |   0.0
            +---------+---------+-------+---------+---------+-------

Illustrated notes

Table legend:
 A = Kills in this place as a percentage of kills in entire the game.
 B = Kills by you in this place as a percentage of kills by you in the entire game.
 C = Kills by friends in this place as a percentage of kills by friends in the entire game.
 D = Other kills in this place as a percentage of other kills in the entire game.
 E = Experience gained in this place as a percentage of experience gained in the entire game.
 F = Experience gained in this place divided by the number of levels of this place that you have seen.
                   A       B       C       D       E      F
               +-------+-------+-------+-------+-------+----------------------
         Total | 100.0 | 100.0 |   N/A |   N/A | 100.0 |   3.8
       Dungeon | 100.0 | 100.0 |   N/A |   N/A | 100.0 |   3.8
               +-------+-------+-------+-------+-------+----------------------

Table legend: (Time is in decaauts)
 A = Elapsed time spent in this place.
 B = Non-inter-level travel time spent in this place.
 C = Inter-level travel time spent in this place.
 D = Time resting spent in this place.
 E = Time spent auto-exploring this place.
 F = Levels seen in this place.
 G = Mean time per level.
                   A        B        C        D        E       F      G
               +--------+--------+--------+--------+--------+-----+--------+
         Total |    531 |    531 |      0 |    213 |    226 |   4 |  132.8 |
       Dungeon |    531 |    531 |      0 |    213 |    226 |   4 |  132.8 |
               +--------+--------+--------+--------+--------+-----+--------+

Top non-repeatable levels by time:
     D:3: 395 daAuts
     D:5: 103 daAuts
     D:4: 29 daAuts
     D:6: 2 daAuts
